AoeStats
← Navix de los Bosques de Lituania

Arabia

504654867Analyzed
3v3 RM · 26d ago on Sep 6, 2026· 55m 42s· 6 players
Game mode
Random Map
Map size
Normal (6 player)
Population
200
Speed
Normal
Resources
Standard
Victory
Conquest
Starting age
Dark Age
Ending age
Imperial Age
RankedLock teamsTeams togetherTeam positionsShared explorationLock speedFull tech treeHidden civsTurbo modeCheats
Victory
Defeat
🇨🇴 Persians · Colombia
747
+13
731
+14
🇦🇺 Bohemians · Australia
693
+16
🇨🇱 Goths · Chile
728
-35
🇺🇸 Poles · United States
677
-14
🇨🇳 Slavs · China
658
-13
Derzer
9:52 Feudal Age
12:43 Man-at-Arms
18:28 Arson
21:05 Double-Bit Axe
21:04 Horse Collar
22:16 Bloodlines
29:17 Loom
31:35 Castle Age
30:31 Scale Barding Armor
30:43 Gold Mining
30:53 Stone Mining
32:26 Caravan
32:57 Coinage
36:21 Gold Shaft Mining
36:24 Stone Shaft Mining
36:33 Wheelbarrow
37:01 Chain Barding Armor
37:28 Bow Saw
37:21 Heavy Plow
39:14 Husbandry
45:05 Imperial Age
43:39 Forging
46:24 Iron Casting
46:25 Plate Barding Armor
45:13 Heavy Camel Rider
50:27 Two-Man Saw
Navix de los Bosques de Lituania
4:04 Loom
11:21 Feudal Age
11:28 Man-at-Arms
11:53 Arson
12:45 Long Swordsman
15:35 Scale Mail Armor
19:10 Forging
25:41 Horse Collar
34:05 Castle Age
32:06 Double-Bit Axe
34:44 Wheelbarrow
34:17 Two-Handed Swordsman
34:44 Gambesons
35:22 Squires
38:39 Gold Mining
38:36 Champion
40:51 Chain Mail Armor
41:25 Iron Casting
41:05 Heavy Plow
41:38 Bow Saw
42:29 Gold Shaft Mining
43:07 Hand Cart
44:04 Fervor
THENEYK
11:31 Feudal Age
17:01 Castle Age
20:17 Town Watch
27:25 Wagenburg Tactics
31:46 Pikeman
32:26 Squires
36:53 Scale Mail Armor
37:05 Forging
42:16 Imperial Age
42:02 Iron Casting
41:47 Chain Mail Armor
44:51 Halberdier
56:29 Wheelbarrow
minhtr3
11:01 Feudal Age
Syn
10:37 Feudal Age
9:20 Loom
12:16 Double-Bit Axe
13:09 Wheelbarrow
13:06 Man-at-Arms
13:47 Gold Mining
23:41 Horse Collar
29:00 Castle Age
31:17 Pikeman
32:28 Anarchy
32:55 Squires
41:33 Hand Cart
44:36 Forging
44:27 Scale Mail Armor
49:39 Imperial Age
48:59 Stone Mining
49:24 Bow Saw
49:55 Long Swordsman
52:06 Halberdier
52:13 Halberdier
55:09 Iron Casting
54:50 Chain Mail Armor
913093710
11:00 Feudal Age
20:15 Castle Age
18:04 Double-Bit Axe
18:03 Horse Collar
20:33 Stone Mining
20:58 Forging
20:45 Gold Mining
20:31 Pikeman
27:18 Fletching
31:29 Loom
32:09 Detinets
35:48 Bow Saw
35:46 Heavy Plow
37:31 Crossbowman
44:11 Imperial Age
42:10 Scale Mail Armor
43:30 Wheelbarrow
46:13 Hoardings
51:18 Murder Holes
51:39 Scale Barding Armor
54:47 Hand Cart
Connection lost

Rejoining the realm…

Still unreachable

The connection could not be restored.

Session expired

The server has moved on; the page needs a fresh start.